Map: Orbital Shipyard

Players

relmer - Winner!

  • Race: Protoss Protoss
  • League: Grandmaster

Miszu

  • Race: Terran Terran
  • League: Grandmaster

VOD

Have the link to the VOD?

Description

Time

  • Played on: Feb. 7, 2016, 5:29 p.m.
  • Length: 8:34
Show
View Real Time Build Order
Export as new Build Order

relmer Protoss - Winner!

Build Orders: 1 Gate Expand, Oracle Opening 

Get SALT Encoding   

  12  0:00  Probe (Chrono Boost)  
  13  0:12  Probe (Chrono Boost)  
  14  0:18  Pylon  
  14  0:22  Probe (Chrono Boost)  
  15  0:36  Gateway  
  15  0:37  Probe (Chrono Boost)  
  16  0:42  Assimilator  
  16  0:49  Probe (Chrono Boost)  
  17  1:00  Probe (Chrono Boost)  
  18  1:10  Probe (Chrono Boost)  
  19  1:27  Nexus  
  19  1:31  Cybernetics Core  
  19  1:33  Probe (Chrono Boost)  
  20  1:43  Probe (Chrono Boost), Assimilator  
  22  1:54  Probe (Chrono Boost)  
  22  2:01  Pylon  
  22  2:04  Probe (Chrono Boost)  
  23  2:13  Warp Gate  
  23  2:19  Probe  
  23  2:20  Adept (Chrono Boost)  
  26  2:31  Probe  
  27  2:43  Probe  
  26  2:45  Probe  
  29  2:51  Adept (Chrono Boost)  
  29  2:55  Stargate, Probe x2  
  31  3:07  Probe (Chrono Boost)  
  31  3:08  Probe (Chrono Boost)  
  33  3:18  Probe (Chrono Boost)  
  33  3:19  Probe (Chrono Boost)  
  35  3:29  Probe x2 (Chrono Boost)  
  37  3:38  Oracle (Chrono Boost), Probe (Chrono Boost)  
  43  3:41  Mothership Core  
  43  3:48  Probe  
  44  3:56  Nexus  
  44  3:57  Assimilator  
  44  3:59  Probe  
  44  4:01  Assimilator  
  44  4:02  Pylon, Probe  
  46  4:06  Pylon  
  46  4:18  Probe  
  46  4:20  Phoenix (Chrono Boost)  
  49  4:27  Probe  
  49  4:29  Probe  
  51  4:33  Twilight Council  
  51  4:35  Pylon  
  51  4:39  Probe x2  
  51  4:42  Phoenix (Chrono Boost)  
  55  4:47  Adept  
  55  4:50  Probe  
  55  4:51  Probe  
  59  4:55  Gateway  
  59  4:56  Gateway  
  59  5:00  Probe  
  59  5:02  Pylon  
  59  5:03  Probe  
  57  5:07  Stalker  
  57  5:11  Blink (Chrono Boost), Phoenix  
  61  5:17  Probe  
  61  5:21  Probe x2  
  62  5:25  Gateway  
  62  5:26  Gateway  
  64  5:29  Probe  
  64  5:31  Probe  
  57  5:50  Adept  
  57  5:52  Probe x2  
  57  5:53  Probe  
  55  6:03  Probe  
  55  6:04  Probe x2  
  54  6:07  Stalker x2  
  61  6:13  Probe  
  61  6:14  Probe  
  61  6:16  Probe  
  64  6:18  Pylon  
  64  6:24  Probe  
  64  6:25  Probe  
  65  6:29  Probe  
  65  6:30  Pylon  
  67  6:34  Probe  
  67  6:36  Gateway  
  67  6:39  Stalker  
  70  6:43  Probe x2  
  72  6:48  Pylon  
  72  6:51  Stalker x4  
  80  7:10  Stalker, Probe x2  
  80  7:11  Probe  
  85  7:19  Stalker x4  
  85  7:21  Probe  
  94  7:24  Probe  
  94  7:28  Probe  
  97  7:31  Probe  
  97  7:36  Probe  
  100  7:41  Pylon  
  100  7:45  Stalker x5  
  100  7:49  Pylon  
  100  7:51  Pylon  
  92  8:08  Stalker x2  
  92  8:09  Stalker x4  
Show
View Real Time Build Order
Export as new Build Order

Miszu Terran 

Build Orders: Hellion Opening, Reaper Expand 

Get SALT Encoding   

  12  0:00  SCV  
  13  0:13  SCV  
  14  0:18  Supply Depot  
  14  0:25  SCV  
  15  0:39  SCV  
  15  0:42  Barracks  
  16  0:43  Refinery  
  16  0:51  SCV  
  17  1:03  SCV  
  18  1:15  SCV  
  19  1:29  Reaper, Orbital Command  
  20  1:39  Command Center  
  20  1:46  Supply Depot  
  20  1:55  SCV  
  21  2:03  Factory  
  21  2:05  Marine  
  21  2:07  SCV  
  23  2:19  SCV  
  24  2:29  Barracks Reactor  
  24  2:31  SCV  
  25  2:43  SCV  
  26  2:55  SCV  
  26  2:57  Orbital Command  
  27  3:00  Factory  
  27  3:07  SCV  
  27  3:11  Supply Depot, Hellion x2  
  32  3:19  SCV  
  33  3:25  Barracks Reactor, SCV  
  33  3:28  Engineering Bay  
  33  3:31  SCV  
  33  3:32  Hellion x2  
  38  3:37  SCV  
  38  3:38  Supply Depot  
  39  3:43  Hellion, SCV  
  39  3:48  Supply Depot  
  42  3:50  SCV  
  42  3:54  Hellion x2  
  47  3:56  SCV  
  47  3:58  Missile Turret  
  47  3:59  Missile Turret  
  47  4:02  SCV  
  49  4:05  Missile Turret  
  49  4:10  SCV  
  49  4:13  Hellion  
  49  4:14  Hellion  
  49  4:15  Hellion  
  54  4:18  Hellion  
  52  4:28  Factory, SCV  
  52  4:29  SCV  
  52  4:34  Hellion  
  52  4:36  Hellion x2  
  58  4:41  SCV  
  58  4:43  SCV  
  58  4:44  Hellion  
  62  4:53  SCV  
  62  4:56  Hellion  
  62  4:57  SCV  
  62  4:58  Supply Depot, Hellion  
  70  5:00  Supply Depot  
  70  5:13  Factory Tech Lab  
  70  5:15  SCV x2  
  70  5:17  Hellion  
  68  5:22  Command Center  
  68  5:23  Hellion x3  
  68  5:27  SCV  
  75  5:30  Refinery x2, Missile Turret  
  75  5:31  Supply Depot  
  69  5:40  Hellion  
  69  5:41  Hellion  
  67  5:51  Hellion  
  67  5:54  Hellion  
  67  5:55  Hellion  
  66  6:01  SCV  
  66  6:02  Hellion, Cyclone, SCV  
  69  6:05  Supply Depot  
  69  6:06  Supply Depot  
  69  6:12  Hellion  
  69  6:14  Factory  
  69  6:16  Factory, Refinery  
  71  6:22  SCV x2  
  73  6:28  Mag-Field Accelerator  
  71  6:33  Missile Turret  
  71  6:34  SCV x2  
  71  6:38  Orbital Command  
  73  6:43  Cyclone  
  73  6:46  SCV  
  77  6:47  SCV  
  78  6:58  SCV  
  78  6:59  SCV  
  80  7:01  Factory Tech Lab  
  80  7:07  Factory Tech Lab  
  76  7:09  Hellion x4  
  76  7:11  SCV  
  76  7:12  SCV  
  76  7:13  SCV, Armory  
  87  7:17  Cyclone  
  87  7:21  Missile Turret  
  90  7:23  Cyclone, SCV  
  96  7:30  Refinery, Hellion  
  96  7:31  Refinery  
  96  7:34  Supply Depot, SCV x2  
  96  7:35  SCV  
  96  7:36  Supply Depot  
  101  7:37  Hellion  
  101  7:38  Hellion x2  
  101  7:40  Cyclone  
  108  7:46  SCV  
  108  7:49  SCV  
  108  7:50  Supply Depot  
  110  7:53  Cyclone  
  105  8:00  Supply Depot  
  95  8:07  Hellion  
Tags
 
Add a new tag
Caveats
  • Supply blocks, unpowered buildings, or Contaminate may cause inaccurate times.
  • Supply counts are checked every 10 seconds.